AoeStats
← Maty

Arabia

505681214Analyzed
1v1 RM · 21d ago on Sep 10, 2026· 49m 2s· 2 players
Game mode
Random Map
Map size
Tiny (2 player)
Population
200
Speed
Normal
Resources
Standard
Victory
Conquest
Starting age
Dark Age
Ending age
Imperial Age
RankedLock teamsTeams togetherTeam positionsShared explorationLock speedFull tech treeHidden civsTurbo modeCheats
Victory
Defeat
🇪🇨 Chinese · Ecuador
1895
+22
🇪🇸 Khmer · Spain
2037
-22
Maty
0:27 Loom
9:23 Feudal Age
9:53 Double-Bit Axe
17:24 Fletching
19:33 Padded Archer Armor
22:40 Castle Age
21:00 Horse Collar
21:48 Gold Mining
22:11 Bloodlines
22:43 Crossbowman
23:19 Bodkin Arrow
23:36 Bow Saw
24:57 Wheelbarrow
26:09 Ballistics
31:37 Heavy Plow
36:09 Gold Shaft Mining
36:45 Hand Cart
39:26 Imperial Age
37:10 Squires
37:27 Masonry
37:08 Stone Mining
38:05 Scale Mail Armor
39:32 Elite Fire Lancer
39:55 Pikeman
41:16 Chain Mail Armor
41:43 Halberdier
43:00 Forging
44:37 Two-Man Saw
44:16 Iron Casting
44:14 Light Cavalry
44:56 Husbandry
45:02 Scale Barding Armor
46:07 Conscription
46:21 Chain Barding Armor
47:49 Plate Barding Armor
48:15 Blast Furnace
48:07 Architecture
48:38 Chemistry
48:40 Plate Mail Armor
48:12 Bracer
m4rco
5:41 Loom
8:27 Feudal Age
9:02 Double-Bit Axe
16:32 Fletching
22:20 Castle Age
20:43 Gold Mining
21:08 Horse Collar
22:21 Crossbowman
22:57 Bodkin Arrow
23:28 Bow Saw
23:29 Padded Archer Armor
24:39 Ballistics
27:45 Heavy Plow
28:46 Town Watch
29:36 Wheelbarrow
32:03 Husbandry
35:25 Hand Cart
38:54 Imperial Age
36:38 Bloodlines
36:56 Scale Barding Armor
38:14 Chain Barding Armor
39:20 Devotion
40:37 Crop Rotation
41:04 Plate Barding Armor
42:20 Forging
41:48 Cavalier
41:51 Elite Battle Elephant
42:15 Elite Skirmisher
43:07 Bracer
43:23 Leather Archer Armor
45:05 Chemistry
47:47 Ring Archer Armor
47:53 Iron Casting
47:56 Tusk Swords
49:26 Conscription
Connection lost

Rejoining the realm…

Still unreachable

The connection could not be restored.

Session expired

The server has moved on; the page needs a fresh start.